 Dungeon Crawl Stone Soup version 0.30-a0-341-g682706514a (webtiles) character file.

Game seed: 4559969719954094180

24 Harunobu the Trooper (level 3, -1/24 HPs)
             Began as a Gargoyle Monk on Oct 30, 2022.
             Slain by a gnoll
             ... wielding a +0 club
              (3 damage)
             ... on level 2 of the Dungeon on Oct 31, 2022.
             The game lasted 00:01:51 (1373 turns).

Harunobu the Trooper (Gargoyle Monk)                Turns: 1373, Time: 00:01:51

Health: -1/24      AC:  5    Str: 16    XL:     3   Next: 2%
Magic:  3/3        EV: 12    Int: 10    God:
Gold:   67         SH:  0    Dex: 12    Spells: 2/2 levels left

rFire   . . .      SeeInvis .    f - +0 whip
rCold   . . .      Faith    .    (no shield)
rNeg    + . .      Spirit   .    b - +0 robe
rPois   ∞          Reflect  .    (no helmet)
rElec   +          Harm     .    (no cloak)
rCorr   .          Rampage  .    (no gloves)
Will    .....                    (no boots)
Stlth   ++........               (no amulet)
HPRegen 0.24/turn                (no ring)
MPRegen 0.08/turn                (no ring)

@: no status effects
A: sickness immunity, AC +3, negative energy resistance 1, electricity
resistance, torment resistance 1, petrification resistance
a: no special abilities


You were on level 2 of the Dungeon.
You visited 1 branch of the dungeon, and saw 2 of its levels.

You collected 67 gold pieces.

Inventory:

Hand Weapons
 a - a +0 mace
 f - a +0 whip (weapon)
Armour
 b - a +0 robe (worn)
Scrolls
 d - a scroll of brand weapon {unknown}
 g - a scroll of blinking {unknown}
 h - a scroll of identify {unknown}
Potions
 c - a potion of ambrosia
 e - a potion of curing {unknown}


   Skills:
 + Level 3.7 Fighting
 - Level 3.0 Maces & Flails
 + Level 2.7 Dodging
 + Level 2.9 Stealth


You had 2 spell levels left.
You didn't know any spells.
Your spell library was empty.

Dungeon Overview and Level Annotations

Branches:
Dungeon (2/15)

Altars:

Shops:
D:1 (


Innate Abilities, Weirdness & Mutations

You are immune to sickness and miasma.
Your stone body is resilient. (AC +3)
You are immune to poison.
You resist negative energy. (rN+)
You are resistant to electric shocks. (rElec)
You are resistant to unholy torment.
You are immune to petrification.


Message History

Found 6 poisoned darts.
Found a stone staircase leading up.
A giant cockroach comes into view.
You closely miss the giant cockroach.
You punch the giant cockroach, but do no damage.
The giant cockroach barely misses you. The giant cockroach closely misses you.
You hit the giant cockroach but do no damage.
The giant cockroach barely misses you.
You closely miss the giant cockroach. The giant cockroach closely misses you.
You hit the giant cockroach.
You kill the giant cockroach!
You have reached level 3!
Your experience leads to an increase in your attributes!
Increase (S)trength, (I)ntelligence, or (D)exterity?
You feel stronger. x2
You now have 67 gold pieces (gained 9).
There is a stone staircase leading up here.
A gnoll comes into view. It is wielding a +0 club.
The gnoll shouts!
A gnoll comes into view. It is wielding a +0 club.
The gnoll moves out of view.
The gnoll shouts!
The gnoll closely misses you. The gnoll misses you.
A gnoll comes into view. It is wielding a +0 spear.
The gnoll hits you with a +0 club. x2
You hit the gnoll but do no damage. The gnoll closely misses you. x2
You hit the gnoll.
The gnoll is lightly wounded.
The gnoll hits you but does no damage. The gnoll hits you with a +0 club.
The gnoll attacks as you move away! The gnoll hits you with a +0 club.
The gnoll barely misses you. The gnoll attacks as you move away!
The gnoll hits you with a +0 club. The gnoll completely misses you.
The gnoll attacks as you move away! The gnoll hits you with a +0 club.
* * * LOW HITPOINT WARNING * * *
The gnoll attacks as you move away! The gnoll barely misses you.
The gnoll attacks as you move away! The gnoll hits you with a +0 club.
* * * LOW HITPOINT WARNING * * *
The gnoll attacks as you move away! The gnoll hits you with a +0 club.
You die...

..# #.# #>###### #
#.##...#### .#
#.##...>..# ..#
#.##...##.##### #..
#.###.###.....###.# #
#.###.###(....gg.# .####
#......†......#@#####...#
###...###.....##......#.#
#.### #.....###.###.#.#
#.# ###.### #.# #.#.#
#<#######.# #.###.#.#
#.........# #.....#.#
#[.######## ##.#.###.###
#..# ##.###......# #..#
##.## ##.#.#.#


You could see 2 gnolls.

Vanquished Creatures
  A worm (D:2)
  A bat (D:1)
  3 endoplasms (D:1)
  2 giant cockroaches
  3 hobgoblins
  6 ball pythons (D:1)
  A frilled lizard (D:1)
  2 goblins (D:1)
  A kobold (D:1)
  A rat (D:1)
21 creatures vanquished.

Notes
Turn   | Place    | Note
-------+----------+-------------------------------------------
     0 | D:1      | Harunobu the Gargoyle Monk began the quest for the Orb.
     0 | D:1      | Reached XP level 1. HP: 14/14 MP: 1/1
   358 | D:1      | Reached XP level 2. HP: 19/19 MP: 2/2
   464 | D:1      | Upgraded the game from 0.30-a0-335-ge5acde7520 to
                  | 0.30-a0-341-g682706514a
   614 | D:1      | Found Xehewiug's Antique Weapon Boutique.
   683 | D:1      | Found a faded altar of an unknown god.
  1319 | D:2      | Reached XP level 3. HP: 24/24 MP: 3/3
  1373 | D:2      | Slain by a gnoll

Illustrated notes

Levels and vault maps discovered:
D:1:      minmay_arrival_plants_in_alcoves, layout_basic,
          ebering_ecumenical_altar_rust, serial_shops, nicolae_shop_waterfront
D:2:      layout_loops_ring

Action                   || total
-------------------------++-------
Melee: Mace              ||    35
       Punch             ||     2
       Whip              ||    23
 Stab: Sleeping          ||     4
Armor: Robe              ||    11
Dodge: Dodged            ||    38

Table legend: (Time is in decaauts)
 A = Elapsed time spent in this place.
 B = Non-inter-level travel time spent in this place.
 C = Inter-level travel time spent in this place.
 D = Time resting spent in this place.
 E = Time spent auto-exploring this place.
 F = Levels seen in this place.
 G = Mean time per level.
                   A        B        C        D        E       F      G
               +--------+--------+--------+--------+--------+-----+--------+
         Total |   1380 |   1357 |     23 |    255 |    879 |   2 |  690.0 |
       Dungeon |   1380 |   1357 |     23 |    255 |    879 |   2 |  690.0 |
               +--------+--------+--------+--------+--------+-----+--------+

Top non-repeatable levels by time:
     D:1: 1202 daAuts
     D:2: 178 daAuts
